 Dungeon Crawl Stone Soup version 0.29.1-12-g30fa7ad0bf (webtiles) character file.

Game seed: 14987474560683102922

635 wingedge the Skirmisher (level 7, 0/88 HPs)
             Began as a Minotaur Hunter on Dec 27, 2022.
             Succumbed to an adder's poison
             ... on level 6 of the Dungeon.
             The game lasted 00:08:07 (3566 turns).

wingedge the Skirmisher (Minotaur Hunter)           Turns: 3566, Time: 00:08:08

Health: 0/88       AC: 23    Str: 12 (15) XL:     7   Next: 25%
Magic:  6/6        EV:  2    Int:  4 (6)  God:
Gold:   258        SH:  0    Dex: 15 (16) Spells: 6/6 levels left

rFire   . . .      SeeInvis .   a - +1 sling (freeze)
rCold   . . .      Faith    .   (no shield)
rNeg    . . .      Spirit   .   (body armour currently unavailable)
rPois   +          Reflect  .   (helmet currently unavailable)
rElec   .          Harm     .   (cloak currently unavailable)
rCorr   .          Rampage  .   (gloves currently unavailable)
Will    .....      NoTele   +   (boots currently unavailable)
Stlth   ++........              t - amulet of the acrobat
HPRegen 0.24/turn               (no ring)
MPRegen 0.10/turn               (no ring)

@: lethally poisoned (0 -> 0), tree-form, acrobatic
A: stationary, stasis, torment immunity, boosted hp, (horns 2), (retaliatory
headbutt)
a: no special abilities


You were on level 6 of the Dungeon.
You were a tree.
You visited 1 branch of the dungeon, and saw 6 of its levels.

You collected 258 gold pieces.

Inventory:

Hand Weapons
 a - a +1 sling of freezing (weapon)
 e - a +0 shortbow
 h - a +0 hammer of holy wrath
Armour
 k - a +0 ring mail (melded)
 v - a +0 cloak of preservation (melded)
 A - a +0 pair of gloves (melded)
Jewellery
 t - an amulet of the acrobat (around neck)
Wands
 B - a wand of charming (12)
Scrolls
 b - a scroll of immolation
 d - a scroll of fear {unknown}
 i - a scroll of amnesia {unknown}
 j - a scroll of fog {unknown}
 l - 2 scrolls of silence {unknown}
 o - 2 scrolls of enchant armour {unknown}
 p - 2 scrolls of teleportation
 s - 2 scrolls of enchant weapon {unknown}
 w - a scroll of summoning {unknown}
 y - 2 scrolls of torment {unknown}
Potions
 c - a potion of mutation {unknown}
 g - a potion of berserk rage {unknown}
 m - a potion of degeneration
 q - a potion of haste {unknown}
 r - a potion of brilliance {unknown}
 x - 2 potions of lignification


   Skills:
 - Level 4.0 Fighting
 + Level 8.8 Ranged Weapons
 - Level 3.0 Dodging
 - Level 1.0 Stealth
 - Level 1.0 Transmutations


You had 6 spell levels left.
You didn't know any spells.
Your spell library contained the following spells:

 Spells                   Type           Power      Damage    Failure   Level
 Sandblast                Erth           0%         2d4       50%         1
 Wereblood                Tmut           0%         N/A       50%         2
 Passwall                 Tmut/Erth      0%         N/A       56%         2
 Sublimation of Blood     Necr           0%         N/A       65%         2
 Gell's Gravitas          Tloc           0%         N/A       86%         3
 Lesser Beckoning         Tloc           0%         N/A       86%         3
 Stone Arrow              Conj/Erth      0%         3d7       86%         3
 Teleport Other           Tloc           0%         N/A       86%         3
 Animate Armour           Summ/Erth      0%         N/A       99%         4
 Summon Hydra             Summ           0%         N/A       100%        7
 Lehudib's Crystal Spear  Conj/Erth      0%         10d2      100%        8


Dungeon Overview and Level Annotations

Branches:
Dungeon (5/15)
 Temple: D:4-7

Altars:


Innate Abilities, Weirdness & Mutations

You are a tree.
Your roots penetrate the ground, keeping you stationary.
You cannot be teleported.
You are immune to unholy pain and torment.
Your maximum health is greatly increased.
Your equipment is partially melded.
((You have a pair of horns on your head.))
((You reflexively headbutt those who attack you in melee.))


Message History

Press: ? - help, Q - select action, (/) - cycle Shift-Dir - straight line, f/p - necrophage
Aim: a necrophage (almost destroyed, 64% to hit)
You shoot a sling bullet.
The sling bullet barely misses the necrophage.
The adder barely misses you.
The necrophage hits you but does no damage.
Unknown command.
Fire: a) +1 sling (freeze)
Press: ? - help, Q - select action, (/) - cycle Shift-Dir - straight line, f/p - necrophage
Aim: a necrophage (almost destroyed, 64% to hit)
You shoot a sling bullet. The sling bullet hits the necrophage.
You destroy the necrophage!
The adder bites you but does no damage. The adder bites you.
* * * LOW HITPOINT WARNING * * *
You are lethally poisoned!
The adder poisons you!
You feel your dexterity returning.
Your life force feels restored.
Fire: a) +1 sling (freeze)
Press: ? - help, Q - select action, (/) - cycle Shift-Dir - straight line, f - adder
Aim: an adder (48% to hit)
Okay, then.
Okay, then.
Fire: a) +1 sling (freeze)
Press: ? - help, Q - select action, (/) - cycle Shift-Dir - straight line, f - adder
Aim: an adder (48% to hit)
You shoot a sling bullet. The sling bullet hits the adder!
The adder seems to slow down.
The sling bullet freezes the adder.
You kill the adder!
* * * LOW HITPOINT WARNING * * *
You feel sick.
Unknown command.
* * * LOW HITPOINT WARNING * * *
You feel sick.
Okay, then.
* * * LOW HITPOINT WARNING * * *
You feel sick.
* * * LOW HITPOINT WARNING * * *
You feel sick.
You die...

#.............
###........#
#.......#.#
##.....##.#
#..##....#
#........#
#........#
####..#..#
#♣~.###...
......)†.##
... .........#
..# ..........
...
..........(
...........#
...........#
........[..)


There were no monsters in sight!

Vanquished Creatures
  A sky beast (D:6)
  A phantom (D:6)
  A bullfrog (D:6)
  A necrophage (D:6)
  2 scorpions (D:4)
  A hound (D:4)
  Crazy Yiuf (D:3)
  6 adders
  2 dart slugs
  2 orcs
  10 ball pythons
  10 endoplasms
  5 giant cockroaches
  9 hobgoblins
  4 jackals (D:1)
  7 kobolds
  4 quokkas
  8 bats
  5 goblins
  9 rats
89 creatures vanquished.

Vanquished Creatures (others)
  A bullfrog (D:6)
1 creature vanquished.

Grand Total: 90 creatures vanquished

Notes
Turn   | Place    | Note
-------+----------+-------------------------------------------
     0 | D:1      | wingedge the Minotaur Hunter began the quest for the Orb.
     0 | D:1      | Reached XP level 1. HP: 18/18 MP: 0/0
    70 | D:1      | Reached skill level 1 in Stealth
   179 | D:1      | Reached XP level 2. HP: 9/25 MP: 1/1
   659 | D:1      | Found a faded altar of an unknown god.
   925 | D:2      | Reached skill level 5 in Ranged Weapons
   925 | D:2      | Reached XP level 3. HP: 31/31 MP: 2/2
  1427 | D:3      | Reached XP level 4. HP: 38/38 MP: 3/3
  1978 | D:3      | Found a runed translucent door.
  1979 | D:3      | Noticed Crazy Yiuf
  1985 | D:3      | Killed Crazy Yiuf
  2545 | D:3      | Reached XP level 5. HP: 46/46 MP: 4/4
  2860 | D:4      | Reached skill level 6 in Ranged Weapons
  3276 | D:4      | Reached XP level 6. HP: 48/52 MP: 5/5
  3308 | D:4      | Reached skill level 7 in Ranged Weapons
  3308 | D:4      | Reached skill level 1 in Transmutations
  3473 | D:5      | Entered Level 5 of the Dungeon
  3473 | D:5      | You fall into a shaft and drop 1 floor!
  3486 | D:6      | Noticed a sky beast
  3538 | D:6      | Killed a sky beast
  3539 | D:6      | Reached skill level 8 in Ranged Weapons
  3548 | D:6      | Reached XP level 7. HP: 11/59 MP: 6/6
  3562 | D:6      | HP: 3/88 [poisoned by an adder]
  3565 | D:6      | HP: 1/88 [poisoned by an adder]
  3566 | D:6      | Succumbed to an adder's poison

Illustrated notes

Levels and vault maps discovered:
D:1:      nagdon_arrival_double_spiral, layout_rooms,
          shapermc_ecumenical_altar_venn
D:2:      layout_rooms, corexii_hall_statues_i
D:3:      minmay_skewed_foursquare, layout_loops_corners,
          corexii_item_surrounded_by_moat, uniq_crazy_yiuf_cottage
D:4:      layout_basic, serial_glass, glass_columns_a, glass_columns_a,
          glass_columns_c, glass_columns_b, glass_columns_b, glass_columns_b,
          glass_columns_a, glass_columns_a, glass_columns_a, glass_columns_a,
          glass_columns_a, glass_columns_c, glass_columns_a, glass_columns_a
D:5:      layout_basic, minmay_temple_entry_gardened_gates,
          minmay_misc_feat_tiny, skrybe_limestone_x, palyth_stone_intersect
D:6:      layout_cave_pools, serial_shops, kennysheep_little_box

Skill      XL: |  1  2  3  4  5  6 |
---------------+-------------------+-----
Stealth        | 1 |  1.0
Fighting       | 3 4 |  4.0
Ranged Weapons | 5 6 8 |  8.8
Dodging        | 3 |  3.0
Transmutations | 1 |  1.0

Action                   |  1- 3 |  4- 6 |  7- 9 || total
-------------------------+-------+-------+-------++-------
 Fire: Shortbow          |    40 |       |       ||    40
       Sling             |    69 |   139 |    14 ||   222
Evoke: Wand              |       |     3 |     1 ||     4
  Use: Scroll            |       |     1 |       ||     1
       Potion            |       |     8 |       ||     8
Armor: Leather armour    |     9 |       |       ||     9
       Ring mail         |     3 |    34 |       ||    37
       Skin              |       |    69 |    13 ||    82
Dodge: Dodged            |    26 |    37 |     1 ||    64
